 Dungeon Crawl Stone Soup version 0.28.0-49-g6dfe1f597d (webtiles) character file.

Game seed: 8674616521373784239

96674 Zeld the Destroyer (level 15, -1/132 HPs)
             Began as a Yellow Draconian Conjurer on May 17, 2022.
             Was the Champion of Makhleb.
             Killed from afar by a bog body (5 damage)
             ... with a bolt of cold
             ... on level 2 of the Swamp.
             The game lasted 00:55:59 (49218 turns).

Zeld the Destroyer (Yellow Draconian Conjurer)     Turns: 49218, Time: 00:55:59

Health: -1/132     AC: 14    Str: 15    XL:     15   Next: 69%
Magic:  24/44      EV: 17    Int: 33    God:    Makhleb [******]
Gold:   699        SH:  0    Dex: 16    Spells: 24/40 levels left

rFire   + + .      SeeInvis .   a - +10 rapier of Destiny {vorpal, rC+ Str+2 Int+4}
rCold   + + .      Faith    .   (no shield)
rNeg    . . .      Spirit   .   (armour unavailable)
rPois   +          Reflect  .   I - +1 hat {Stlth+}
rElec   .          Harm     .   y - +1 cloak "Douseoh" {Fly Str+3 Int+4}
rCorr   +          Rampage  .   u - +0 pair of gloves
Will    .....                   A - +0 pair of boots
Stlth   +++++.....              K - amulet of regeneration
HPRegen 1.12/turn               r - ring "Cofud" {rPois rF++ Will- MP+9 Dex+6}
MPRegen 0.29/turn               J - ring of protection from cold

@: flying, very slightly contaminated, slowed, very slow
A: spit acid, AC +9, unfitting armour, acidic bite, cold-blooded, acid
resistance, horns 1, high MP 1, poison resistance
a: Breathe Acid, Renounce Religion, Minor Destruction, Lesser Servant of
Makhleb, Major Destruction, Greater Servant of Makhleb


You were on level 2 of the Swamp.
You worshipped Makhleb.
Makhleb was exalted by your worship.
You visited 5 branches of the dungeon, and saw 26 of its levels.
You also visited: Trove and Ossuary.

You collected 3569 gold pieces.
You spent 2870 gold pieces at shops.

Inventory:

Hand Weapons
 a - the +10 rapier of Destiny (weapon) {vorpal, rC+ Str+2 Int+4}
   (You found it on level 6 of the Lair of Beasts)

   It inflicts extra damage upon your enemies.
   Str:       It affects your strength (+2).
   Int:       It affects your intelligence (+4).
   rC:        It protects you from cold.
 b - the +0 dire flail of the Nexus {drain, SInv}
   (You found it on level 6 of the Dungeon)

   A truly terrible weapon, it drains the life of any living foe it strikes.
   SInv:      It lets you see invisible.
Armour
 u - a +0 pair of gloves (worn)
 y - the +1 cloak "Douseoh" (worn) {Fly Str+3 Int+4}
   (You found it on level 6 of the Dungeon)

   Str:       It affects your strength (+3).
   Int:       It affects your intelligence (+4).
   Fly:       It grants you flight.
 A - a +0 pair of boots (worn)
 I - a +1 hat of stealth (worn)
Jewellery
 r - the ring "Cofud" (left hand) {rPois rF++ Will- MP+9 Dex+6}
   (You found it on level 5 of the Dungeon)

   [ring of dexterity]

   Dex:       It affects your dexterity (+6).
   rF:        It greatly protects you from fire.
   rPois:     It protects you from poison.
   MP:        It affects your magic capacity (+9).
   Will:      It decreases your willpower.
 J - a ring of protection from cold (right hand)
 K - an amulet of regeneration (around neck)
Wands
 l - a wand of mindburst (7)
 o - a wand of flame (7)
 x - a wand of acid (27)
 E - a wand of paralysis (6)
 G - a wand of iceblast (5)
 H - a wand of polymorph (18)
 Q - a wand of charming (7)
Scrolls
 c - 10 scrolls of amnesia
 g - 4 scrolls of enchant armour
 h - 3 scrolls of brand weapon
 m - a scroll of identify
 q - 4 scrolls of blinking
 s - 4 scrolls of summoning
 v - 6 scrolls of teleportation
 w - a scroll of silence
 z - 3 scrolls of magic mapping
 B - 3 scrolls of enchant weapon
 L - 2 scrolls of fear
Potions
 d - 8 potions of brilliance
 e - 5 potions of heal wounds
 f - a potion of magic
 i - 5 potions of might
 j - 5 potions of haste
 n - 3 potions of invisibility
 p - 19 potions of curing
 t - 5 potions of flight
 C - 8 potions of mutation
 D - 5 potions of cancellation
 M - a potion of ambrosia
Miscellaneous
 k - a phial of floods
 N - a piece from Xom's chessboard (15/15)


   Skills:
 - Level 12.0 Fighting
 * Level 7.5 Short Blades
 - Level 9.0 Dodging
 - Level 9.0 Stealth
 - Level 13.0 Spellcasting
 - Level 13.0 Conjurations
 - Level 2.0 Hexes
 - Level 2.0 Translocations
 * Level 8.7 Air Magic
 + Level 6.6 Invocations
 + Level 5.9 Evocations


You had 24 spell levels left.
You knew the following spells:

 Your Spells              Type           Power      Damage    Failure   Level
a - Magic Dart            Conj           100%       1d8       0%          1
b - Searing Ray           Conj           100%       2d8       0%          2
c - Fulminant Prism       Conj/Hex       31%        3d16      1%          4
d - Iskenderun's Mystic   Conj/Tloc      63%        2d13      1%          4
e - Lightning Bolt        Conj/Air       37%        1d56      1%          5

Your spell library contained the following spells:

 Spells                   Type           Power      Damage    Failure   Level
 Animate Skeleton         Necr           42%        N/A       1%          1
 Beastly Appendage        Tmut           42%        N/A       1%          1
 Freeze                   Ice            84%        1d10      1%          1
 Pain                     Necr           84%        1d8       1%          1
 Sandblast                Erth           42%        2d11      1%          1
 Shock                    Conj/Air       100%       1d9       1%          1
 Blink                    Tloc           68%        N/A       1%          2
 Static Discharge         Conj/Air       75%        N/A       1%          2
 Dazzling Flash           Conj/Hex       100%       N/A       1%          3
 Mephitic Cloud           Conj/Pois/Air  62%        N/A       1%          3
 Stone Arrow              Conj/Erth      100%       3d13      1%          3
 Swiftness                Air            68%        N/A       1%          3
 Airstrike                Air            34%        N/A       1%          4
 Hailstorm                Conj/Ice       59%        3d13      1%          4
 Lesser Beckoning         Tloc           34%        N/A       2%          3
 Tukima's Dance           Hex            34%        N/A       2%          3
 Passwall                 Tmut/Erth      17%        N/A       3%          2
 Wereblood                Tmut           21%        N/A       3%          2
 Summon Lightning Spire   Summ/Air       50%        N/A       3%          4
 Freezing Cloud           Conj/Ice/Air   31%        6-21      3%          5
 Frozen Ramparts          Ice            42%        1d6       6%          3
 Ignite Poison            Fire/Tmut/Pois 21%        N/A       6%          3
 Spider Form              Tmut/Pois      21%        N/A       6%          3
 Vampiric Draining        Necr           21%        2d7       6%          3
 Anguish                  Hex/Necr       14%        N/A       14%         4
 Animate Dead             Necr           10%        N/A       21%         4
 Manifold Assault         Tloc           34%        N/A       26%         5
 Summon Forest            Summ/Tloc      14%        N/A       36%         5
 Borgnjor's Vile Clutch   Necr/Erth      10%        N/A       50%         5
 Storm Form               Tmut/Air       25%        N/A       96%         7
 Death Channel            Necr           10%        N/A       97%         6
 Eringya's Noxious Bog    Tmut/Pois      10%        N/A       97%         6
 Maxwell's Capacitive Co  Air            34%        ∞         98%         8
 Enfeeble                 Hex            17%        N/A       100%        7
 Summon Hydra             Summ           10%        N/A       100%        7


Dungeon Overview and Level Annotations

Branches:
Dungeon (15/15)            Temple (1/1) D:6            Lair (6/6) D:8
  Swamp (2/4) Lair:4        Snake (0/4) Lair:4        Slime (0/5) Lair:6
    Orc (2/2) D:11            Elf (0/3) Orc:2        Vaults (0/5) D:14
 Depths (0/4) D:15        Ossuary (visited)

Altars:
Ashenzari
Cheibriados
Dithmenos
Elyvilon
Fedhas
Gozag
Hepliaklqana
Kikubaaqudgha
Makhleb
Nemelex Xobeh
Okawaru
Qazlal
Ru
Sif Muna
Trog
Uskayaw
Vehumet
Wu Jian
Xom
Yredelemnul
Zin
The Shining One

Shops:
D:8 **   D:14 ??   Orc:2 ([*[

Annotations:
D:2 1 runed translucent door, Crazy Yiuf
Lair:1 2 transporters, exclusion: ice statue, Zeld's ghost, journeyman DrCj


Innate Abilities, Weirdness & Mutations

You can spit globs of acid.
Your golden yellow scales are hard. (AC +9)
You cannot fit into any form of body armour.
You have acidic saliva.
You are cold-blooded and may be slowed by cold attacks.
You are resistant to acid. (rCorr)
You have a pair of small horns on your head.
You have an increased reservoir of magic. (+10% MP)
Your system is resistant to poisons. (rPois)


Message History

The five-headed hydra closely misses you.
The five-headed hydra bites you!
* * * LOW HITPOINT WARNING * * *
The five-headed hydra closely misses you.
The bog body casts a spell at you. The bolt of cold misses you.
Unknown command.
Unknown command.
Unknown command.
Unknown command.
Unknown command.
Casting: Iskenderun's Mystic Blast (mildly dangerous; 1% risk of failure)
Confirm with . or Enter, or press ? or * to list all spells.
You erupt in a blast of force!
The mystic blast hits the swamp dragon.
The swamp dragon is moderately wounded.
The swamp dragon is knocked back by the mystic blast.
The mystic blast hits the tyrant leech!!
You kill the tyrant leech!
Makhleb accepts your kill.
The mystic blast hits the five-headed hydra.
The five-headed hydra is almost dead.
The five-headed hydra is knocked back by the mystic blast.
Unknown command.
Unknown command.
Unknown command.
Casting: Iskenderun's Mystic Blast (mildly dangerous; 1% risk of failure)
Confirm with . or Enter, or press ? or * to list all spells.
You miscast Iskenderun's Mystic Blast.
Nothing appears to happen.
The five-headed hydra bites you.
* * * LOW HITPOINT WARNING * * *
The five-headed hydra bites you.
* * * LOW HITPOINT WARNING * * *
The five-headed hydra barely misses you.
The five-headed hydra bites you!
* * * LOW HITPOINT WARNING * * *
The five-headed hydra bites you.
* * * LOW HITPOINT WARNING * * *
The bog body points at you and mumbles some strange words.
The bolt of cold hits you. You resist.
You die...

♣♣... ♣♣.≈≈≈≈≈≈..≈≈≈
...♣ ♣.≈≈§≈≈≈≈..≈≈ ..n♣
♣.♣≈≈≈.≈..≈ ♣≈..
♣≈......≈♣ ♣♣..♣♣
♣♣♣♣.§≈n≈≈.♣
.♣♣≈≈≈≈♣.≈≈♣♣)†..≈.♣
...≈°§°○°..≈.§≈..D♣♣♣
.n.≈☼☼○.≈..≈..≈.@.†.♣
♣.♣≈○○○♣♣.♣≈♣..D.≈≈.>..♣
♣♣☼i♣♣ ♣....≈.♣≈..≈ ♣≈.♣
♣..≈..♣♣ ..♣ ♣.n.
♣..≈♣♣♣♣ ♣ ♣§.♣ ≈...≈
♣ii♣ ♣♣..≈≈ ♣..♣ ♣♣♣≈§


You could see a five-headed hydra, a swamp dragon and a bog body.

Vanquished Creatures
  A thorn hunter (Swamp:1)
  Gastronok (Lair:3)
  Azrael (D:12)
  An eleionoma (Swamp:1)
  3 dire elephants
  2 bunyips (Swamp:1)
  10 hydras
  A merfolk avatar (Lair:6)
  6 centaur warriors
  A ghost crab (Swamp:1)
  An ogre mage (Orc:1)
  A boulder beetle (Lair:5)
  7 two-headed ogres
  A death yak (Lair:6)
  2 alligators (Swamp:1)
  An iron troll (D:14)
  A goliath frog (Swamp:1)
  An orb spider (shapeshifter) (D:14)
  A wizard (D:14)
  A phantasmal warrior (D:14)
  5 orc knights
  A deep elf pyromancer (D:13)
  A wolf spider (D:15)
  A will-o-the-wisp (Swamp:1)
  3 ugly things
  9 manticores
  4 elephants
  2 cyclopes
  A torpor snail (Lair:2)
  6 black mambas
  A gargoyle (D:12)
  22 cane toads
  3 rime drakes
  An unseen horror (shapeshifter) (D:14)
  17 komodo dragons
  A kobold demonologist (D:11)
  2 efreet (D:14)
  A freezing wraith (D:15)
  2 bloated husks
  7 trolls
  A hornet (Lair:6)
  2 polar bears
  A wind drake (Lair:6)
  A polar bear (shapeshifter) (D:13)
  6 tyrant leeches
  8 slime creatures
  3 dream sheep
  24 blink frogs
  Sigmund (D:3)
  2 wraiths
  4 water elementals (D:15)
  4 wyverns
  87 yaks
  8 basilisks
  3 fire elementals (D:12)
  2 steam dragons
  Menkaure (D:5)
  3 nagas (Lair:4)
  12 vampire mosquitoes
  5 swamp worms
  4 wargs
  An acid dragon (D:10)
  2 hell hounds (D:12)
  11 water moccasins
  A black bear (D:6)
  35 orc warriors
  2 sky beasts
  A black bear (shapeshifter) (D:14)
  3 necrophages (D:8)
  6 ogres
  9 wolves
  31 centaurs
  11 kobold brigands
  5 elf zombies (Ossuary)
  10 bullfrogs
  3 scorpions
  A water moccasin zombie (D:6)
  2 wyvern zombies (D:7)
  11 wights
  2 howler monkeys
  16 electric eels
  6 centaur zombies
  2 human zombies
  2 bullfrog skeletons
  2 jellies
  18 orc priests
  4 iguanas
  13 orc wizards
  Ijyb (D:3)
  Natasha (thrice) (D:2)
  7 hell rats
  A killer bee zombie (D:8)
  3 hound zombies (Ossuary)
  A hound skeleton (D:5)
  3 mummies (Ossuary)
  Robin (D:3)
  7 gnolls
  6 adders
  2 howler monkey zombies (D:10)
  2 shadow imps (D:12)
  A white imp (D:5)
  2 ufetubi
  6 adder zombies (Ossuary)
  3 worms (D:2)
  2 adder skeletons (D:4)
  2 dart slugs
  61 orcs
  7 bats
  8 endoplasms
  3 giant cockroaches
  16 goblins
  6 hobgoblins
  7 jackals
  2 quokkas
  8 ball pythons
  2 frilled lizards
  A gnoll zombie (Ossuary)
  3 goblin zombies (Ossuary)
  6 hobgoblin zombies (Ossuary)
  35 kobolds
  10 kobold skeletons (D:12)
  10 kobold zombies
  2 orc zombies (Ossuary)
  A quokka zombie (Ossuary)
  3 rats
  4 rat zombies
774 creatures vanquished.

Vanquished Creatures (others)
  A centaur warrior (Orc:1)
  A hornet (Swamp:2)
  A bloated husk (Swamp:2)
  A spriggan (Swamp:2)
  An orc warrior (Orc:2)
  2 foxfires (Swamp:1)
  4 fulminant prisms
  43 fungi
  103 plants
  8 toadstools (Swamp:1)
165 creatures vanquished.

Grand Total: 939 creatures vanquished

Notes
Turn   | Place    | Note
-------+----------+-------------------------------------------
     0 | D:1      | Zeld the Draconian Conjurer began the quest for the Orb.
     0 | D:1      | Reached XP level 1. HP: 14/14 MP: 3/3
   232 | D:1      | Reached XP level 2. HP: 22/22 MP: 0/5
   235 | D:1      | Learned a level 2 spell: Searing Ray
   615 | D:1      | Reached skill level 1 in Fighting
  1577 | D:2      | Found a runed translucent door.
  1578 | D:2      | Noticed Crazy Yiuf
  1827 | D:2      | Reached XP level 3. HP: 28/28 MP: 0/6
  2966 | D:4      | Reached XP level 4. HP: 36/36 MP: 5/8
  3061 | D:4      | Noticed a scorpion
  3066 | D:4      | Killed a scorpion
  3391 | D:4      | Reached XP level 5. HP: 34/42 MP: 1/9
  4203 | D:5      | Entered Level 5 of the Dungeon
  4330 | D:5      | Identified the ring "Cofud" {rPois rF++ Will- MP+9 Dex+6}
  4468 | D:5      | Found a stormy altar of Qazlal.
  4470 | D:5      | Found a bloodstained altar of Trog.
  4807 | D:5      | Noticed Menkaure
  4812 | D:5      | Killed Menkaure
  4813 | D:5      | Reached skill level 5 in Conjurations
  4813 | D:5      | Reached XP level 6. HP: 51/51 MP: 11/11
  4818 | D:5      | Learned a level 4 spell: Fulminant Prism
  4823 | D:5      | Learned a level 4 spell: Iskenderun's Mystic Blast
  5578 | D:6      | Identified the +0 dire flail of the Nexus {drain, SInv}
  5648 | D:6      | Your scales start taking on a golden yellow colour.
  5648 | D:6      | Reached XP level 7. HP: 46/58 MP: 12/12
  5648 | D:6      | Gained mutation: You are resistant to acid. (rCorr) [Yellow
                  | Draconian growth]
  5927 | D:2      | Noticed Natasha
  5945 | D:2      | Killed Natasha
  6084 | D:2      | Noticed Natasha
  6098 | D:2      | Reached skill level 1 in Translocations
  6098 | D:2      | Killed Natasha
  6458 | D:2      | Noticed Natasha
  6463 | D:2      | Killed Natasha
  6464 | D:2      | Reached skill level 1 in Hexes
  6591 | D:3      | Noticed Robin
  6595 | D:3      | Noticed Sigmund
  6617 | D:3      | Killed Sigmund
  6622 | D:3      | Killed Robin
  6876 | D:3      | Found a faded altar of an unknown god.
  6937 | D:3      | Found a shimmering blue altar of Sif Muna.
  7083 | D:3      | Noticed Ijyb
  7092 | D:3      | Killed Ijyb
  7729 | D:6      | Reached XP level 8. HP: 57/67 MP: 14/14
  8312 | D:6      | Found a staircase to the Ecumenical Temple.
  8317 | D:6      | Identified the +1 cloak "Douseoh" {Fly Str+3 Int+4}
  8322 | Temple   | Entered the Ecumenical Temple
  8357 | D:6      | Reached skill level 5 in Fighting
  9728 | D:7      | Reached skill level 5 in Spellcasting
 10825 | D:8      | Found Riyzxesu's Specific Store.
 10826 | D:8      | Found Locvuiqoo's General Store.
 10837 | D:8      | Bought a scroll of teleportation for 45 gold pieces
 10837 | D:8      | Bought a scroll of summoning for 142 gold pieces
 10864 | D:8      | Found a staircase to the Lair.
 10881 | D:8      | Reached XP level 9. HP: 68/75 MP: 17/17
 10919 | D:8      | Found an ancient bone altar of Kikubaaqudgha.
 11485 | D:8      | Found a sand-covered staircase.
 11508 | Ossuary  | Entered an ossuary
 12888 | D:8      | Reached skill level 5 in Stealth
 12892 | D:8      | HP: 3/79 [yak (5)]
 13430 | D:8      | Reached XP level 10. HP: 41/88 MP: 19/20
 13724 | D:8      | Reached skill level 5 in Dodging
 13881 | D:8      | Bought a wand of polymorph (7) for 135 gold pieces
 13896 | Lair:1   | Entered Level 1 of the Lair of Beasts
 14960 | D:10     | Entered Level 10 of the Dungeon
 16328 | D:10     | Found a white marble altar of Elyvilon.
 16328 | D:10     | Found a burning altar of Makhleb.
 16345 | D:10     | Became a worshipper of Makhleb the Destroyer
 16680 | D:10     | Learned a level 5 spell: Lightning Bolt
 16688 | D:10     | Learned a level 7 spell: Storm Form
 16690 | D:10     | Found a snail-covered altar of Cheibriados.
 17151 | D:11     | Noticed a two-headed ogre
 17164 | D:11     | Killed a two-headed ogre
 17165 | D:11     | Reached XP level 11. HP: 97/97 MP: 22/22
 17529 | D:11     | Found a staircase to the Orcish Mines.
 17613 | D:11     | Noticed a two-headed ogre
 17869 | D:10     | Killed a two-headed ogre
 18141 | D:11     | Noticed a two-headed ogre
 18149 | D:11     | Killed a two-headed ogre
 18710 | D:11     | Identified a scroll of acquirement
 18711 | D:11     | Acquired 995 gold pieces
 18759 | D:11     | Found the +8 longbow "Zephyr" {speed, Dex+3 SInv}
 18998 | D:12     | Noticed a white ugly thing
 19007 | D:12     | Killed a white ugly thing
 19008 | D:12     | Reached skill level 10 in Conjurations
 19204 | D:12     | Noticed a red ugly thing
 19220 | D:12     | Killed a red ugly thing
 19221 | D:12     | Reached skill level 10 in Fighting
 19384 | D:12     | Reached * piety under Makhleb
 19682 | D:12     | Reached ** piety under Makhleb
 20191 | D:12     | Found an ancient bone altar of Kikubaaqudgha.
 20447 | D:12     | Noticed Azrael
 20467 | D:12     | Killed Azrael
 20922 | D:12     | Found a portal to a secret trove of treasure.
 21104 | D:12     | Reached XP level 12. HP: 38/107 MP: 2/25
 21541 | D:12     | Noticed a two-headed ogre
 21548 | D:12     | Killed a two-headed ogre
 23113 | Lair:1   | Found a transporter.
 23118 | Lair:1   | Found a transporter.
 23126 | Lair:1   | Noticed Zeld's ghost (journeyman DrCj)
 25018 | Lair:2   | Reached *** piety under Makhleb
 25758 | Lair:3   | Reached skill level 10 in Spellcasting
 26694 | Lair:3   | Noticed Gastronok
 26717 | Lair:3   | Reached XP level 13. HP: 90/117 MP: 13/27
 27306 | Lair:3   | Killed Gastronok
 28098 | Lair:4   | Found a staircase to the Snake Pit.
 28288 | Lair:4   | Reached **** piety under Makhleb
 28482 | Lair:4   | Found a staircase to the Swamp.
 31043 | Lair:5   | Reached ***** piety under Makhleb
 32405 | Lair:6   | Entered Level 6 of the Lair of Beasts
 32722 | Lair:6   | Gained mutation: You have acidic saliva. [Yellow Draconian
                  | growth]
 32722 | Lair:6   | Reached XP level 14. HP: 80/126 MP: 14/30
 34177 | Lair:6   | Reached skill level 1 in Air Magic
 34418 | Lair:6   | Reached skill level 1 in Invocations
 34418 | Lair:6   | Reached skill level 1 in Evocations
 35795 | Lair:6   | Identified the +0 robe "Nous" {Str+4}
 35803 | Lair:6   | Identified the +10 rapier of Destiny {vorpal, rC+ Str+2
                  | Int+4}
 36152 | Lair:6   | Reached skill level 1 in Short Blades
 36275 | Lair:6   | Found a staircase to the Slime Pits.
 37012 | Orc:1    | Entered Level 1 of the Orcish Mines
 37957 | Orc:1    | Reached skill level 5 in Air Magic
 38094 | Orc:1    | Paralysed by something for 7 turns
 38284 | Orc:2    | Entered Level 2 of the Orcish Mines
 41693 | Orc:2    | Found Heydaxt's Antique Armour Shoppe.
 41693 | Orc:2    | Found Lexeqef's Assorted Antiques.
 41693 | Orc:2    | Found Riri's Antique Armour Shop.
 41696 | Orc:2    | Found Lian's Antique Weapon Emporium.
 41701 | Orc:2    | Bought an ichor-stained lajatang for 540 gold pieces
 41701 | Orc:2    | Identified the +12 lajatang "Oxzuug" {vorpal, Int+4} (You
                  | bought it in a shop on level 2 of the Orcish Mines)
 41701 | Orc:2    | Bought a scroll of brand weapon for 540 gold pieces
 41701 | Orc:2    | Bought 2 viscous sapphire potions for 48 gold pieces
 41701 | Orc:2    | Bought a potion of curing for 81 gold pieces
 41701 | Orc:2    | Bought a scroll of amnesia for 94 gold pieces
 41701 | Orc:2    | Bought a scroll of blinking for 202 gold pieces
 41703 | Orc:2    | Bought a glowing orb for 468 gold pieces
 41732 | Orc:2    | Found a staircase to the Elven Halls.
 42101 | D:13     | Reached ****** piety under Makhleb
 42240 | D:13     | Reached XP level 15. HP: 132/132 MP: 30/32
 43193 | D:13     | Reached skill level 5 in Short Blades
 43479 | D:14     | Reached skill level 5 in Invocations
 43654 | D:14     | Identified the ring "Xaig" {Will+ Int+2}
 44134 | D:14     | Found a gate to the Vaults.
 44272 | D:14     | Found Daxkorph's Magic Scroll Emporium.
 44280 | D:14     | Bought a scroll of identify for 26 gold pieces
 44280 | D:14     | Bought a scroll of identify for 26 gold pieces
 44280 | D:14     | Bought a scroll of identify for 26 gold pieces
 44281 | D:14     | Found Kozanesev's Magic Scroll Boutique.
 44284 | D:14     | Bought a scroll of blinking for 105 gold pieces
 44284 | D:14     | Bought a scroll of identify for 28 gold pieces
 44284 | D:14     | Bought a scroll of identify for 28 gold pieces
 44284 | D:14     | Bought a scroll of blinking for 105 gold pieces
 44284 | D:14     | Bought a scroll of amnesia for 49 gold pieces
 44284 | D:14     | Bought a scroll of identify for 28 gold pieces
 44284 | D:14     | Bought a scroll of amnesia for 49 gold pieces
 44284 | D:14     | Bought a scroll of blinking for 105 gold pieces
 44393 | D:12     | You paid a toll of 7 scrolls of blinking to enter a
                  | treasure trove
 44394 | Trove    | Entered a treasure trove
 44403 | Trove    | Identified the +3 battleaxe of Equilibrium {elec, rCorr
                  | Int+2}
 44405 | Trove    | Identified the +4 demon blade of Wohaekun {vorpal, *Rage
                  | Fly rPois Int+7}
 44418 | Trove    | Identified the ring "Lezusire" {rC+ Str+3 Slay+4}
 44421 | Trove    | Identified the ring "Okka" {rF+ rC+ rN+ Int-3 Dex+2}
 44963 | D:15     | Entered Level 15 of the Dungeon
 45167 | D:15     | Reached skill level 5 in Evocations
 45938 | D:15     | Found a shadowy altar of Dithmenos.
 46262 | D:15     | Gained mutation: You have an increased reservoir of magic.
                  | (+10% MP) [potion of mutation]
 46262 | D:15     | Gained mutation: Your system is resistant to poisons.
                  | (rPois) [potion of mutation]
 46262 | D:15     | Gained mutation: You have a pair of small horns on your
                  | head. [potion of mutation]
 46834 | D:15     | Found a staircase to the Depths.
 47081 | Swamp:1  | Entered Level 1 of the Swamp
 47396 | Swamp:1  | Noticed a thorn hunter
 47400 | Swamp:1  | Killed a thorn hunter
 49218 | Swamp:2  | HP: 4/132 [five-headed hydra (5)]
 49218 | Swamp:2  | Killed from afar by a bog body

Illustrated notes

Levels and vault maps discovered:
D:1:      sevenhm_arrival_forest_fort_large_4, layout_basic
D:2:      layout_basic, uniq_crazy_yiuf_cottage, uniq_natasha
D:3:      layout_rooms, mainiacjoe_overflow_alcove_1,
          shapermc_ecumenical_altar_mp_highgroup, uniq_ijyb, uniq_sigmund,
          uniq_robin
D:4:      minmay_door_path, layout_loops_ring
D:5:      nicolae_cairo_tiling, layout_rooms, nicolae_overflow_hidden_temple,
          uniq_menkaure
D:6:      layout_basic, minmay_temple_entry_antechambers
D:7:      layout_loops_ring, serial_bayou, serial_bayou_lagoon_a,
          serial_bayou_pond_c, serial_bayou_shore_a, serial_bayou_pond_a
D:8:      layout_loops_ring, lemuel_mausoleum_altar_kikubaaqudgha,
          lair_entry_dummy, enter_ossuary_4, nicolae_specific_store
D:9:      layout_roguey
D:10:     layout_layer_cave, gammafunk_temple_overflow_elements,
          kennysheep_slug_shrine, fountainhead
D:11:     layout_basic, david_orc_1_choice
D:12:     wander_kiku_kobolds, layout_loops_corners,
          nicolae_trove_entry_free_sample, uniq_azrael
D:13:     layout_stronghold, hellmonk_bongcloud_opening
D:14:     layout_rooms, david_vaults_4, serial_shops, shop,
          nicolae_shop_behind_doors, serial_park_tiny_pond, kennysheep_dice
D:15:     hangedman_depths_entry_try_elsewhere_first, layout_basic,
          grunt_dithmenos_smoke
Temple:   minmay_freezing_vapour_temple
Lair:1:   layout_regular_city, nzn_ghost_randoct
Lair:2:   layout_gridlike, nicolae_quartered_pool_medium
Lair:3:   layout_hall_layers, chequers_serial_rivers_small_b, uniq_gastronok
Lair:4:   nzn_winding_woodlands_stair_cross [nzn_winding_woodlands_5x15_parted,
          nzn_winding_woodlands_center_triple_pond,
          nzn_winding_woodlands_5x15_river_crossing,
          nzn_winding_woodlands_5x5_closed_star,
          nzn_winding_woodlands_5x5_cross,
          nzn_winding_woodlands_5x15_sidewinder,
          nzn_winding_woodlands_center_garden,
          nzn_winding_woodlands_5x15_split_checker], layout_cave_pods,
          minmay_swamp_entry_eels, guppyfry_snake_entry_island, minivault_23
Lair:5:   layout_layer_cave, st_stairs_13
Lair:6:   gammafunk_lair_ancient_temple, layout_long_grid,
          dpeg_slime_entry_corner
Swamp:1:  cheibrodos_swamp_tower_of_moss, layout_falls_marsh, serial_swamp_ruin,
          evilmike_swamp_ruin_house_1, evilmike_swamp_ruin_house_2,
          evilmike_swamp_ruin_house_6
Swamp:2:  nicolae_swamp_husk_halls, layout_basic_swamp,
          portal_ice_cave_entry_ice_statue_two, nicolae_swamp_trees_clearing,
          swamp_pool2
Orc:1:    layout_caves
Orc:2:    st_orc_rangers, layout_caves

Skill      XL: |  1  2  3  4  5  6  7  8  9 10 11 12 13 14 15 |
---------------+----------------------------------------------+-----
Fighting       | 1 2 3 4 6 7 9 10 11 12 | 12.0
Stealth        | 2 3 4 5 6 7 9 |  9.0
Dodging        | 2 3 4 5 6 7 8 9 |  9.0
Spellcasting   | 3 4 5 6 7 9 10 12 13 | 13.0
Conjurations   | 5 6 8 9 10 11 13 | 13.0
Translocations | 1 2 |  2.0
Hexes          | 1 2 |  2.0
Air Magic      | 6 8 |  8.7
Invocations    | 4 6 |  6.6
Evocations     | 4 5 |  5.9
Short Blades   | 4 7 |  7.5

Action                   |  1- 3 |  4- 6 |  7- 9 | 10-12 | 13-15 || total
-------------------------+-------+-------+-------+-------+-------++-------
Melee: Unarmed           |    60 |    36 |       |       |       ||    96
       Tailslap          |     7 |     8 |    77 |    74 |    81 ||   247
       Punch             |     1 |       |       |       |     3 ||     4
       Dire flail        |       |     4 |   464 |   321 |   208 ||   997
       Rapier            |       |       |       |       |   173 ||   173
       Bite              |       |       |       |       |    35 ||    35
       Headbutt          |       |       |       |       |     1 ||     1
 Cast: Magic Dart        |    93 |     3 |       |     1 |     1 ||    98
       Searing Ray       |     6 |    28 |    19 |    37 |    31 ||   121
       Iskenderun's Myst |       |       |    28 |   189 |   283 ||   500
       Lightning Bolt    |       |       |       |    35 |   284 ||   319
       Fulminant Prism   |       |       |       |       |     4 ||     4
Invok: Lesser Servant of |       |       |       |       |     1 ||     1
 Abil: Breathe Acid      |       |       |     3 |    10 |     7 ||    20
Evoke: Wand              |       |       |       |     4 |       ||     4
  Use: Scroll            |       |       |       |    16 |    12 ||    28
       Potion            |       |       |       |       |     3 ||     3
 Stab: Sleeping          |       |     3 |     5 |     9 |     8 ||    25
       Distracted        |       |       |       |     2 |     2 ||     4
Armor: Skin              |    14 |    20 |   253 |   255 |   306 ||   848
Dodge: Dodged            |    39 |    48 |   432 |   506 |   837 ||  1862
